[Event "1st FIDE Olympiad DIS 2023"]
[Site "Belgrade"]
[Date "2023.02.04"]
[Round "6.12"]
[White "Monterrey, Henry"]
[Black "Zhukovskaya, Nina"]
[Result "1-0"]
[ECO "B12"]
[WhiteElo "1759"]
[BlackElo "1474"]
[Annotator "NA RC COMBH"]
[PlyCount "55"]
[EventDate "2023.01.30"]
[EventType "team-tourn"]
[EventCountry "SRB"]
[SourceTitle "playchess.com"]
[Source "ChessBase"]
[SourceQuality "1"]
[WhiteTeam "Venezuela"]
[BlackTeam "Kazakhstan"]
[WhiteTeamCountry "VEN"]
[BlackTeamCountry "KAZ"]
[TimeControl "40/5400+30:1800+30"]

1. e4 e6 2. d4 d5 3. Nd2 c6 4. e5 c5 5. c3 a6 6. Bd3 Nc6 7. Ne2 cxd4 8. cxd4 Qb6 9. Nf3 Bd7 10. O-O h6 11. a3 Nd8 12. Nc3 Ne7 13. Re1 Nec6 14. Bc2 Na5 15. b3 Rc8 16. Bb2 Nc4 17. bxc4 Qxb2 18. Na4 Bxa4 19. Bxa4+ Nc6 20. cxd5 exd5 21. Rb1 Qxa3 22. Rxb7 Qc3 23. e6 Be7 24. exf7+ Kxf7 25. Bxc6 Qa3 26. Bxd5+ Kf6 27. Re6+ Kf5 28. Qb1+ 1-0

[Event "1st FIDE Olympiad DIS 2023"]
[Site "Belgrade"]
[Date "2023.02.04"]
[Round "6.13"]
[White "Zaynidinov, Sirojiddin"]
[Black "Morales Romero, Pedro"]
[Result "0-1"]
[ECO "E68"]
[WhiteElo "2042"]
[BlackElo "2339"]
[Annotator "TA"]
[PlyCount "70"]
[EventDate "2023.01.30"]
[EventType "team-tourn"]
[EventCountry "SRB"]
[SourceTitle "playchess.com"]
[Source "ChessBase"]
[SourceQuality "1"]
[WhiteTeam "Uzbekistan"]
[BlackTeam "Cuba"]
[WhiteTeamCountry "UZB"]
[BlackTeamCountry "CUB"]
[TimeControl "40/5400+30:1800+30"]

1. c4 Nf6 2. Nc3 g6 3. g3 Bg7 4. Bg2 e5 5. e4 d6 6. Nf3 O-O 7. d4 Nbd7 8. O-O exd4 9. Nxd4 (9. Qxd4 Re8 10. Bg5 h6 11. Bxf6 Qxf6 12. Qxf6 Bxf6 $11) 9... c6 {[%emt 0:00:06] E68: King's Indian: Fianchetto: 6...Nbd7 7 0-0 e5 8 e4.} 10. Bf4 Ne5 11. b3 Nh5 {[%emt 0:00:56] White has an edge.} 12. Bxe5 (12. Bc1 $11) 12... dxe5 $15 13. Nc2 {[%emt 0:01:18] [#]} Qg5 $146 ({Predecessor:} 13... Qe7 14. Qe2 Be6 15. Rad1 Nf6 16. Rd3 a6 17. Ne3 Rfd8 18. Rfd1 Rxd3 19. Qxd3 Bf8 {0-1 Izijk,J (1995)-Lorenzana,W (2292) Olympiad-43 Batumi 2018 (6.70)}) 14. Qc1 Qe7 15. Qa3 Qe8 (15... Qxa3 $15 16. Nxa3 Rd8) 16. Rad1 $11 f5 17. f3 (17. Na4 $11) 17... Be6 18. Na4 Rf7 19. Qc1 Qe7 ({Black should play} 19... f4 $17 20. g4 Nf6) 20. Rfe1 (20. exf5 $15 gxf5 21. Qd2) 20... b5 (20... f4 $17 21. g4 Nf6) 21. Nb2 a5 ({Better is} 21... f4 $1 $17 22. g4 Nf6 23. cxb5 cxb5) 22. a4 $2 (22. exf5 $1 $11 Bxf5 23. Kh1) 22... Raf8 (22... f4 $1 $17 23. g4 Nf6) 23. axb5 cxb5 {[%emt 0:00:17] And now ...f4 would win.} ({Reject} 23... fxe4 $6 24. Rxe4 cxb5 25. Ne3 $15) 24. Ne3 {[%emt 0:00:24] [#] Loses the game.} (24. Qd2 $17) 24... f4 $1 $19 25. Nf1 Qc5+ 26. Kh1 fxg3 27. Nd3 Qe7 {[%emt 0:10:44] White must now prevent ...bxc4.} 28. Nxg3 Nxg3+ 29. hxg3 bxc4 30. bxc4 h5 31. Kh2 h4 32. g4 {[%emt 0:00:44] [#]} h3 $1 33. Kxh3 {[%emt 0:00:32] [#]} (33. Bh1 a4) 33... Bh6 $1 (33... Rxf3+ 34. Bxf3 Rxf3+ 35. Kg2 Bxg4 36. Rh1 $11) 34. Qc2 $2 (34. Qxh6 $19 Rh7 35. Qxh7+ Kxh7 36. Rh1 (36. Nxe5 $2 {perishes.} Kg7 $19)) 34... Bf4 35. Nxf4 Rh7+ {[%emt 0:00:07] Weighted Error Value: White=0.55/Black=0.17 (very precise)} 0-1

[Event "1st FIDE Olympiad DIS 2023"]
[Site "Belgrade"]
[Date "2023.02.04"]
[Round "6.13"]
[White "Gora, Tapiwa"]
[Black "Banda Aaron"]
[Result "0-1"]
[ECO "B07"]
[WhiteElo "1959"]
[BlackElo "1901"]
[Annotator "TA"]
[PlyCount "84"]
[EventDate "2023.01.30"]
[EventType "team-tourn"]
[EventCountry "SRB"]
[SourceTitle "playchess.com"]
[Source "ChessBase"]
[SourceQuality "1"]
[WhiteTeam "Zimbabwe"]
[BlackTeam "Zambia"]
[WhiteTeamCountry "ZIM"]
[BlackTeamCountry "ZAM"]
[TimeControl "40/5400+30:1800+30"]

1. e4 d6 2. d4 Nf6 3. Nc3 g6 4. Bg5 Bg7 5. Qd2 c6 6. Bh6 Bxh6 7. Qxh6 e5 {[%emt 0:01:18] B07: Pirc Defence: Miscellaneous Systems.} 8. O-O-O Qe7 9. h3 {[%emt 0:06:40] [#]} Be6 $146 {[%emt 0:02:49] [#]} (9... b5 $11) ({Predecessor:} 9... Nbd7 10. Nf3 a6 11. Bd3 b5 12. Rhe1 Bb7 13. Kb1 Ng8 14. Qe3 Ngf6 15. Qh6 Ng8 16. Qe3 Ngf6 {½-½ Gharamian,T (2626)-Bachmann,A (2646) FRA-chT Top 12 2017 (1.2)}) 10. f4 (10. d5 $1 $16 ) 10... exd4 $11 11. Rxd4 c5 12. Rd1 Nc6 13. g4 (13. e5 $14 dxe5 14. Nf3 (14. fxe5 Nxe5 15. Bb5+ Bd7 $11)) 13... O-O-O $1 {[%emt 0:11:47] aiming for ...d5.} 14. f5 Bd7 15. Bg2 Nd4 16. Nf3 Nxf3 17. Bxf3 Bc6 18. Rhe1 Nd7 19. Qf4 Ne5 20. f6 Qe6 21. Bg2 h6 22. Rd2 g5 23. Qf5 Qxf5 (23... h5 $17) 24. exf5 Rhe8 (24... h5 $11) 25. Red1 ({White should try} 25. Bxc6 $14 bxc6 26. Rde2) 25... Kc7 (25... Nc4 $5 26. Bxc6 bxc6 $15) 26. Bxc6 bxc6 27. Re2 Nd7 28. Rg2 {[%emt 0:09:26] White does not recover from this.} (28. Re7 $11 {and White has nothing to worry.}) 28... Nxf6 29. Rh1 d5 30. Kd1 (30. Nd1 $142) 30... d4 $19 31. Na4 Kd6 32. b3 Nd5 {[%emt 0:03:46] Threatens to win with ...Ne3+.} 33. Kd2 Re4 34. Nb2 Nf4 35. Rf2 Rde8 36. Rhh2 (36. h4 $142) 36... Nd5 37. Nd3 (37. Nc4+ {was worth a try.} Kc7 38. Re2) 37... Nc3 38. a4 Re3 39. Rfg2 Rf3 {[%emt 0:02:15] ( -> ...Rf1)} 40. h4 $2 {[%emt 0:00:44] [#]} (40. Rg1 $19) 40... Rf1 {[%emt 0:01:48][%cal Rc3b1] Black mates.} 41. Nf2 Nb1+ 42. Kd3 Re3+ {[%emt 0:00:00] Weighted Error Value: White=0.54/Black=0.23 (precise)} 0-1

[Event "1st FIDE Olympiad DIS 2023"]
[Site "Belgrade"]
[Date "2023.02.04"]
[Round "6.14"]
[White "Larduet Despaigne, Carlos"]
[Black "Mamarajabov, Sardorbek"]
[Result "1/2-1/2"]
[ECO "E01"]
[WhiteElo "2277"]
[BlackElo "1712"]
[Annotator "TA"]
[PlyCount "55"]
[EventDate "2023.01.30"]
[EventType "team-tourn"]
[EventCountry "SRB"]
[SourceTitle "playchess.com"]
[Source "ChessBase"]
[SourceQuality "1"]
[WhiteTeam "Cuba"]
[BlackTeam "Uzbekistan"]
[WhiteTeamCountry "CUB"]
[BlackTeamCountry "UZB"]
[TimeControl "40/5400+30:1800+30"]

1. d4 d5 2. Nf3 Nf6 3. c4 c6 4. Qc2 e6 5. g3 Nbd7 6. Bg2 dxc4 7. Qxc4 Bd6 8. O-O O-O 9. Nc3 ({Better is} 9. Bf4 $14 Bxf4 10. gxf4) 9... h6 {[%emt 0:05:09] E01: Catalan: Early deviations.} 10. h3 Qe7 11. e4 {[%emt 0:00:23] [#] And now e5 would win.} e5 {[%emt 0:00:08] White is slightly better.} 12. Be3 {[%emt 0:01:16] [#] White is more active.} Nb6 $146 ({Predecessor:} 12... Re8 13. Rfe1 Bc7 14. Rad1 exd4 15. Nxd4 Nf8 16. f4 Nh5 17. Bf2 Ne6 18. Nxe6 Bxe6 {½-½ Marszalek,M (2250)-Zawadzki,S (2416) POL-chT U19 33rd 2002 (7)}) 13. Qe2 exd4 14. Nxd4 Bb4 15. Qc2 Bxc3 (15... Nc4 $5 ) 16. bxc3 Nc4 17. Bf4 Ne5 (17... Re8 $14) 18. Rfe1 $16 Re8 19. Rab1 Qc5 20. Nb3 Qa3 21. c4 a5 22. c5 {[%emt 0:24:36] Hoping for Re3.} a4 {[%emt 0:05:01] [#]} 23. Nc1 (23. Nd2 $1 $16 {Re3 is the strong threat.} Qd3 24. Qb2) 23... Nf3+ $11 24. Bxf3 Qxf3 25. Qd3 ({White has to play} 25. Re3 $15 Qh5 26. f3) 25... Qh5 26. g4 Qxc5 27. a3 (27. Be3 $17 {was called for.} Qa5 28. Bd2) 27... Qa5 (27... h5 $19 28. Be3 Qe5) 28. Bd2 {[%emt 0:02:41] Weighted Error Value: White=0.30/Black=0.13 (very precise)} 1/2-1/2

[Event "1st FIDE Olympiad DIS 2023"]
[Site "Belgrade"]
[Date "2023.02.04"]
[Round "6.14"]
[White "Nkhupi Robert"]
[Black "CHIKAFU, ONAI"]
[Result "1/2-1/2"]
[ECO "C17"]
[WhiteElo "1738"]
[BlackElo "1494"]
[Annotator "NA RC COMBH"]
[PlyCount "84"]
[EventDate "2023.01.30"]
[EventType "team-tourn"]
[EventCountry "SRB"]
[SourceTitle "playchess.com"]
[Source "ChessBase"]
[SourceQuality "1"]
[WhiteTeam "Zambia"]
[BlackTeam "Zimbabwe"]
[WhiteTeamCountry "ZAM"]
[BlackTeamCountry "ZIM"]
[TimeControl "40/5400+30:1800+30"]

1. e4 e6 2. d4 d5 3. Nc3 Bb4 4. e5 c5 5. Be3 Nc6 6. Bb5 cxd4 7. Bxd4 Qh4 8. Nf3 Qe4+ 9. Kf1 Bxc3 10. bxc3 f5 11. h3 Qf4 12. Be3 Qe4 13. a4 d4 14. cxd4 a6 15. Bd3 Qd5 16. c4 Qd8 17. g3 Nge7 18. Qd2 O-O 19. a5 h6 20. h4 Qe8 21. h5 Qf7 22. Ke2 Kh8 23. Bc2 Bd7 24. Rad1 Rad8 25. d5 Nb8 26. Bb6 Rc8 27. Rh4 exd5 28. cxd5 Nxd5 29. Nd4 Nc3+ 30. Ke1 Nxd1 31. Kxd1 Qc4 32. Bd3 Qd5 33. f4 Ba4+ 34. Ke1 Nd7 35. Nxf5 Nxb6 36. Ne7 Qd4 37. Ng6+ Kg8 38. axb6 Qg1+ 39. Ke2 Qg2+ 40. Ke1 Qxg3+ 41. Kf1 Rfe8 42. Qa2+ Kh7 1/2-1/2

[Event "1st FIDE Olympiad DIS 2023"]
[Site "Belgrade"]
[Date "2023.02.04"]
[Round "6.15"]
[White "Shayusupov, Marsel"]
[Black "Interian Rodriguez, Alberto D."]
[Result "1-0"]
[ECO "E60"]
[WhiteElo "1580"]
[BlackElo "2082"]
[Annotator "TA"]
[PlyCount "67"]
[EventDate "2023.01.30"]
[EventType "team-tourn"]
[EventCountry "SRB"]
[SourceTitle "playchess.com"]
[Source "ChessBase"]
[SourceQuality "1"]
[WhiteTeam "Uzbekistan"]
[BlackTeam "Cuba"]
[WhiteTeamCountry "UZB"]
[BlackTeamCountry "CUB"]
[TimeControl "40/5400+30:1800+30"]

1. d4 Nf6 2. c4 g6 3. h4 Bg7 4. Nc3 d6 5. e4 h5 6. f3 {[%emt 0:01:06] E60: King's Indian: Unusual lines and Fianchetto Variation without Nc3.} Nc6 7. Be3 O-O 8. Qd2 $1 {[%emt 0:00:39] [#] White is slightly better.} e5 $146 {[%emt 0:00:13] White must now prevent ...exd4.} ({Predecessor:} 8... Bd7 9. O-O-O a6 10. Kb1 Rb8 11. Bh6 Na7 12. g4 hxg4 13. h5 Nxh5 14. Rxh5 Bxh6 15. Rxh6 {1-0 Soto,C (2126)-Ramos Arboleda,D (1603) Medellin Easter op 7th 2017 (6)}) 9. d5 Ne7 10. Be2 Nh7 11. g4 (11. O-O-O $16) 11... f5 (11... Nf6 $14) 12. gxf5 gxf5 13. Bg5 {[%emt 0:00:01] White is more active.} (13. Nh3 $16) 13... f4 (13... Nxg5 $1 $14 14. Qxg5 Rf6) 14. O-O-O $16 Bf6 15. Nh3 Bxh3 16. Rxh3 Ng6 17. Rg1 {[%emt 0:00:27] Black is weak on the light squares} Kf7 18. Rh2 Bxg5 (18... Rg8 $16) 19. hxg5 $18 h4 20. Bf1 Rh8 (20... Nxg5 $2 21. Qg2 $18) 21. Bh3 Kg7 22. Qg2 Qe7 23. Bf5 Nhf8 24. Qg4 a6 25. Nd1 b5 26. Rgh1 Rb8 (26... bxc4 $142 27. Rc2 Qf7 28. Rxc4 c5) 27. Nf2 {[%emt 0:02:49][%cal Rh2h4] aiming for Rxh4.} bxc4 {[%emt 0:00:06][%cal Oc4c3] [#]} 28. Rxh4 $1 Nxh4 29. Rxh4 Rxh4 (29... Ne6 30. Rxh8 (30. Bxe6 Rxh4 {[%mdl 64] Remove Defender} 31. Qxh4 Rh8 $18) 30... Rxh8 31. Bxe6 (31. dxe6 c3 $14) 31... Qe8) 30. Qxh4 c3 31. b3 c6 32. Ng4 (32. dxc6 d5 $16) 32... Qa7 33. Qh6+ Kf7 {[%emt 0:00:00] [#]} 34. Bg6+ $1 {[%emt 0:00:01][%mdl 576] Deflection. Ingenious play by Shayusupov!   Weighted Error Value: White=0.13 (very precise) /Black=0.64} 1-0